 Dungeon Crawl Stone Soup version 0.29.1-15-g9cfb28693d (webtiles) character file.

Game seed: 9897724674010705002

66 leafyfresh the Sneak (level 4, -5/33 HPs)
             Began as an Octopode Delver on Mar 11, 2023.
             Slain by a kobold brigand
             ... wielding a +0 club
              (6 damage)
             ... on level 5 of the Dungeon.
             The game lasted 00:00:23 (199 turns).

leafyfresh the Sneak (Octopode Delver)               Turns: 199, Time: 00:00:25

Health: -5/33      AC:  1    Str: 11    XL:     4   Next: 15%
Magic:  4/4        EV: 13    Int: 14    God:
Gold:   11         SH:  0    Dex: 13    Spells: 3/3 levels left

rFire   . . .      SeeInvis .   a - +0 short sword
rCold   . . .      Faith    .   (no shield)
rNeg    . . .      Spirit   .   (helmet restricted)
rPois   .          Reflect  .   (no amulet)
rElec   .          Harm     .   (no ring)
rCorr   .          Rampage  .   (no ring)
Will    .....                   (no ring)
Stlth   ++++......              (no ring)
HPRegen 0.11/turn               (no ring)
MPRegen 0.09/turn               (no ring)
                                (no ring)
                                (no ring)

@: lethally poisoned (-5 -> -14)
A: almost no armour, amphibious, 8 rings, camouflage 1, gelatinous body 1,
(nimble swimmer 1), tentacles
a: no special abilities


You were on level 5 of the Dungeon.
You visited 1 branch of the dungeon, and saw 1 of its levels.

You collected 11 gold pieces.

Inventory:

Hand Weapons
 a - a +0 short sword (weapon)
Wands
 f - a wand of digging (3)
Scrolls
 b - a scroll of fog
 c - a scroll of magic mapping
 d - a scroll of fear
 g - a scroll of torment {unknown}
 h - a scroll of poison {unknown}
Potions
 e - a potion of haste


   Skills:
 + Level 3.7 Fighting
 - Level 2.0 Short Blades
 + Level 2.9 Dodging
 + Level 7.3 Stealth


You had 3 spell levels left.
You didn't know any spells.
Your spell library was empty.

Dungeon Overview and Level Annotations

Branches:
Dungeon (5/15)
 Temple: D:4-7

Altars:


Innate Abilities, Weirdness & Mutations

You cannot wear most types of armour.
You are amphibious.
You can wear up to eight rings at the same time.
Your skin changes colour to match your surroundings (Stealth+).
Your rubbery body absorbs attacks. (AC +1, EV +1)
((You are camouflaged when in or above water. (Stealth+)))
You have tentacles for arms and can constrict up to eight enemies at once.


Message History

The kobold brigand shouts!
The kobold shouts!
The kobold throws a stone.
The stone closely misses you.
The kobold throws a stone.
The stone hits you. The kobold attacks as you move away!
The kobold hits you with a +0 vampiric whip.
The kobold brigand throws a poisoned dart.
The poisoned dart barely misses you. The kobold attacks as you move away!
The kobold hits you with a +0 vampiric whip.
The kobold attacks as you move away! The kobold closely misses you.
The kobold attacks as you move away! The kobold hits you but does no damage.
The kobold attacks as you move away! The kobold barely misses you.
You closely miss the kobold. You grab the kobold. You constrict the kobold.
The kobold hits you but does no damage.
You hit the kobold but do no damage.
The kobold is moderately wounded.
You constrict the kobold.
You kill the kobold!
The kobold brigand hits you with a +0 club!
You see here a +0 vampiric whip.
You hit the kobold brigand but do no damage.
Your grab misses the kobold brigand.
The kobold brigand hits you with a +0 club!
* * * LOW HITPOINT WARNING * * *
Unknown command.
You closely miss the kobold brigand. Your grab misses the kobold brigand.
The kobold brigand barely misses you.
You closely miss the kobold brigand. Your grab misses the kobold brigand.
The kobold hits you with a +0 dagger of venom.
* * * LOW HITPOINT WARNING * * *
You are lethally poisoned!
The kobold brigand hits you with a +0 club.
* * * LOW HITPOINT WARNING * * *
You barely miss the kobold brigand. You grab the kobold brigand.
You constrict the kobold brigand.
* * * LOW HITPOINT WARNING * * *
You feel very sick. The kobold misses you.
The kobold brigand hits you with a +0 club.
You die...

..##.## .###..#####
..........# .# ####...####
... #...# ####
###########.... #...# #..#
#..............
##..###..#####..............
#..........##..............
######......@K........#....
#l##.....##K.......## ###
...#..........#...##
##~##.....########..#
####.....# ##...# .....#####
##.. ###### #.. ##


You could see a kobold brigand and a kobold.

Vanquished Creatures
  A hound (D:5)
  A jelly (D:5)
  An ufetubus (D:5)
  A kobold (D:5)
4 creatures vanquished.

Vanquished Creatures (others)
  12 fungi (D:5)
12 creatures vanquished.

Grand Total: 16 creatures vanquished

Notes
Turn   | Place    | Note
-------+----------+-------------------------------------------
     0 | D:5      | leafyfresh the Octopode Delver began the quest for the Orb.
     0 | D:5      | Reached XP level 1. HP: 16/16 MP: 1/1
    28 | D:5      | Noticed a jelly
    29 | D:5      | Noticed a hound
    39 | D:5      | Killed a hound
    40 | D:5      | Reached skill level 7 in Stealth
    40 | D:5      | Reached XP level 2. HP: 19/21 MP: 2/2
    40 | D:5      | Reached XP level 3. HP: 24/26 MP: 3/3
   108 | D:5      | Reached XP level 4. HP: 28/33 MP: 4/4
   182 | D:5      | Noticed a kobold brigand
   199 | D:5      | HP: 1/33 [poisoned by a kobold]
   199 | D:5      | Slain by a kobold brigand

Illustrated notes

Levels and vault maps discovered:
D:5:      layout_rooms, serial_aquarium, aquarium_bridge_square
          [aquarium_subvault_bridge, aquarium_subvault_bridge,
          aquarium_subvault_window, aquarium_subvault_bridge],
          aquarium_window_corridor_3, aquarium_window_fake, aquarium_view_2c,
          aquarium_view_2c, aquarium_balcony_3b, aquarium_pool_1,
          uniq_blork_the_orc

Skill      XL: |  1 |
---------------+----+-----
Stealth        | 7 |  7.3
Fighting       | |  3.7
Short Blades   | |  2.0
Dodging        | |  2.9

Action                   |  1- 3 |  4- 6 || total
-------------------------+-------+-------++-------
Melee: Short sword       |     9 |     6 ||    15
       Tentacles         |     6 |       ||     6
       Constrict         |     1 |     2 ||     3
Armor: Skin              |     1 |     2 ||     3
Dodge: Dodged            |     7 |     6 ||    13
